 Dungeon Crawl Stone Soup version 0.28-a0-390-gb254ac4902 (webtiles) character file.

Game seed: 10677448195492362455

122 omnomnOMINOUS the Sneak (level 5, 0/34 HPs)
             Began as an Octopode Wanderer on Sept 3, 2021.
             Was a Believer of Zin.
             Slain by a scorpion (4 damage)
             ... on level 4 of the Dungeon.
             The game lasted 00:07:18 (4667 turns).

omnomnOMINOUS the Sneak (Octopode Wanderer)         Turns: 4667, Time: 00:07:18

Health: 0/34       AC:  1    Str: 12    XL:     5   Next: 6%
Magic:  8/8        EV: 13    Int: 15    God:    Zin [**....]
Gold:   162        SH:  4    Dex: 11    Spells: 8/8 levels left

rFire   . . .      SeeInvis .   a - +0 dagger
rCold   . . .      Faith    .   c - +0 buckler
rNeg    . . .      Spirit   .   (helmet restricted)
rPois   .          Reflect  .   (no amulet)
rElec   .          Harm     .   (no ring)
rCorr   .          Rampage  .   (no ring)
Will    .....                   (no ring)
Stlth   +++.......              (no ring)
HPRegen 0.11/turn               (no ring)
MPRegen 0.11/turn               (no ring)
                                (no ring)
                                (no ring)

@: mighty, lethally poisoned (0 -> -10), flying
A: almost no armour, amphibious, 8 rings, camouflage 1, gelatinous body 1,
(nimble swimmer 1), tentacles
a: Renounce Religion, Recite, Vitalisation, Donate Gold


You were on level 4 of the Dungeon.
You worshipped Zin.
Zin was pleased with you.
You visited 1 branch of the dungeon, and saw 4 of its levels.

You collected 180 gold pieces.
You donated 18 gold pieces to Zin.

Inventory:

Hand Weapons
 a - a +0 dagger (weapon)
 b - a +0 short sword
 k - a +0 long sword
Armour
 c - a +0 buckler (worn)
Scrolls
 d - a scroll of immolation
 g - a scroll of fog {unknown}
 h - 2 scrolls of identify {unknown}
 j - a scroll of teleportation {unknown}


   Skills:
 + Level 2.0 Fighting
 - Level 1.0 Short Blades
 + Level 2.4 Dodging
 - Level 2.6 Stealth
 + Level 2.4 Shields
 + Level 2.1 Spellcasting
 - Level 2.0 Necromancy
 - Level 2.4 Poison Magic


You had 8 spell levels left.
You didn't know any spells.
Your spell library contained the following spells:

 Spells                   Type           Power      Damage    Failure   Level
 Animate Skeleton         Necr           14%        N/A       12%         1
 Pain                     Necr           28%        1d5       12%         1
 Apportation              Tloc           2%         N/A       26%         1
 Vampiric Draining        Necr           3%         2d6       34%         3
 Scorch                   Fire           2%         2d5       38%         2
 Lesser Beckoning         Tloc           1%         N/A       63%         3
 Animate Dead             Necr           3%         N/A       75%         4
 Flame Wave               Conj/Fire      1%         3d3       95%         4
 Agony                    Necr           7%         N/A       97%         5
 Fireball                 Conj/Fire      0%         3d3       100%        5
 Summon Cactus Giant      Summ           0%         N/A       100%        6


Dungeon Overview and Level Annotations

Branches:
Dungeon (4/15)
 Temple: D:4-7

Altars:
Gozag
Okawaru
Vehumet
Zin

Annotations:
D:4 3 runed translucent doors, exclusion: phantom, Edmund; Smaepdii's ghost, amateur GrGl


Innate Abilities, Weirdness & Mutations

You cannot wear most types of armour.
You are amphibious.
You can wear up to eight rings at the same time.
Your skin changes colour to match your surroundings (Stealth+).
Your rubbery body absorbs attacks. (AC +1, EV +1)
((You are camouflaged near water. (Stealth+)))
You have tentacles for arms and can constrict up to eight enemies at once.


Message History

Found 17 poisoned darts.
You see here a book of Scorching.
a - a +0 dagger (weapon)
The helpless scorpion fails to defend itself.
You hit the scorpion. Your grab misses the scorpion.
The scorpion is moderately wounded.
The adder hisses angrily.
The ball python hisses angrily.
The scorpion stings you!
You are poisoned.
The scorpion poisons you! The scorpion completely misses you.
You pick up a book of Scorching and begin reading...
You add the spells Scorch, Flame Wave, Fireball and Summon Cactus Giant to your library.
You feel very sick. The scorpion barely misses you.
Unknown command.
You feel very sick.
You feel sick. The ball python completely misses you.
The ball python misses you.
You feel sick.
It was a potion of might.
You feel very mighty all of a sudden.
You feel sick. The scorpion closely misses you. The scorpion barely misses you.
You puncture the scorpion! Your grab misses the scorpion.
The scorpion is almost dead.
The scorpion stings you.
You are lethally poisoned!
The scorpion poisons you!
It was a potion of flight.
You feel very buoyant.
You fly up into the air.
* * * LOW HITPOINT WARNING * * *
You feel very sick. The scorpion barely misses you.
As you read the scroll labelled JOCU BI REH, it crumbles to dust.
It is a scroll of amnesia.
You feel forgetful for a moment.
* * * LOW HITPOINT WARNING * * *
You feel very sick. The scorpion stings you.
You die...

..#..###..#.#
##..
..#..WSF..#.#
....#
..#########.#
..##.# .#
#...........##.#
#.#####.##
######.........#
#........(
##....#..###
#.....$...
#....###..#
#.........
####..###
##.####.........
##.....#
#...@sS........
##.###.#
######S........
##.###.#
#.........
...##..#
#.........
..#<..##
##........
....###
#.####### #...W.
#.# .>..## #.#
...... ...


You could see a scorpion, an adder and a ball python.

Vanquished Creatures
  An orc wizard (D:3)
  Robin (D:2)
  An adder (D:3)
  A dart slug (D:1)
  3 orcs (D:3)
  3 endoplasms
  11 giant cockroaches (D:2)
  6 hobgoblins
  A quokka (D:1)
  5 ball pythons
  8 bats
  4 frilled lizards
  11 goblins
  5 kobolds
  10 rats
71 creatures vanquished.

Notes
Turn   | Place    | Note
-------+----------+-------------------------------------------
     0 | D:1      | omnomnOMINOUS the Octopode Wanderer began the quest for the
                  | Orb.
     0 | D:1      | omnomnOMINOUS set off with the following items: a +0 club,
                  | a +0 buckler, a +0 dagger; and the following spells
                  | available to memorise: Animate Skeleton, Pain, Apportation,
                  | Vampiric Draining, Lesser Beckoning, Animate Dead, Agony
     0 | D:1      | Reached XP level 1. HP: 11/11 MP: 2/2
   500 | D:1      | Reached XP level 2. HP: 13/18 MP: 3/3
  1091 | D:1      | Reached skill level 1 in Fighting
  1109 | D:1      | Reached XP level 3. HP: 14/23 MP: 5/5
  1340 | D:1      | Found a faded altar of an unknown god.
  1348 | D:1      | Became a worshipper of Zin the Law-Giver
  1348 | D:1      | Reached * piety under Zin
  1957 | D:2      | Reached ** piety under Zin
  2220 | D:2      | Noticed Robin
  2526 | D:3      | Reached XP level 4. HP: 22/28 MP: 6/6
  2721 | D:2      | Killed Robin
  2721 | D:2      | Zin protects you from harm!
  3897 | D:3      | Reached XP level 5. HP: 18/34 MP: 8/8
  4123 | D:3      | Found an iron altar of Okawaru.
  4375 | D:4      | Noticed a phantom
  4541 | D:4      | Found a radiant altar of Vehumet.
  4541 | D:4      | Found an opulent altar of Gozag.
  4564 | D:4      | Noticed Edmund
  4620 | D:4      | Found a runed translucent gate.
  4620 | D:4      | Found a runed translucent gate.
  4620 | D:4      | Found a runed translucent gate.
  4621 | D:4      | Noticed Smaepdii's ghost (amateur GrGl)
  4667 | D:4      | Slain by a scorpion

Illustrated notes

Levels and vault maps discovered:
D:1:      dpeg_arrival_radiant, layout_loops_cross,
          hellmonk_ecumenical_altar_blasted
D:2:      minmay_roachtagon, layout_rooms, serial_forest,
          infiniplex_forest_lined_room_2, infiniplex_forest_straight_3,
          infiniplex_forest_lined_2, infiniplex_forest_zigzag_1,
          infiniplex_forest_lined_3, infiniplex_forest_straight_4,
          infiniplex_forest_lined_3, infiniplex_forest_end_2,
          minmay_door_square, uniq_robin
D:3:      layout_loops_ring, nicolae_overflow_hidden_temple
D:4:      layout_rooms, gammafunk_temple_overflow_statue, gammafunk_ghost_split,
          uniq_edmund

Skill      XL: |  1  2  3  4  5 |
---------------+----------------+-----
Fighting       | 1 2 |  2.0
Dodging        | 2 |  2.4
Shields        | 2 |  2.4
Spellcasting   | 2 |  2.1
Short Blades   | |  1.0
Stealth        | |  2.6
Necromancy     | |  2.0
Poison Magic   | |  2.4

Action                   |  1- 3 |  4- 6 || total
-------------------------+-------+-------++-------
Melee: Dagger            |    24 |     2 ||    26
       Constrict         |    25 |    11 ||    36
       Tentacles         |    19 |     3 ||    22
       Short sword       |    95 |    39 ||   134
  Use: Potion            |       |     2 ||     2
       Scroll            |       |     1 ||     1
 Stab: Sleeping          |    11 |     4 ||    15
Armor: Skin              |    12 |     1 ||    13
Dodge: Dodged            |    68 |    29 ||    97
Block: Buckler           |    27 |     5 ||    32

Table legend: (Time is in decaauts)
 A = Elapsed time spent in this place.
 B = Non-inter-level travel time spent in this place.
 C = Inter-level travel time spent in this place.
 D = Time resting spent in this place.
 E = Time spent auto-exploring this place.
 F = Levels seen in this place.
 G = Mean time per level.
                   A        B        C        D        E       F      G
               +--------+--------+--------+--------+--------+-----+--------+
         Total |   4676 |   4528 |    148 |   1305 |   2560 |   4 | 1169.0 |
       Dungeon |   4676 |   4528 |    148 |   1305 |   2560 |   4 | 1169.0 |
               +--------+--------+--------+--------+--------+-----+--------+

Top non-repeatable levels by time:
     D:1: 1935 daAuts
     D:2: 1496 daAuts
     D:3: 1063 daAuts
     D:4: 181 daAuts
